 Dungeon Crawl Stone Soup version 0.31-a0-609-g7bf6ffcfed (webtiles) character file.

Game seed: 17297522503587628206

44 hurricos the Chopper (level 3, 0/31 HPs)
             Began as a Hill Orc Delver on Aug 22, 2023.
             Slain by a hound (3 damage)
             ... on level 5 of the Dungeon.
             The game lasted 00:00:35 (144 turns).

hurricos the Chopper (Hill Orc Delver)               Turns: 144, Time: 00:00:36

Health: 0/31       AC:  3    Str: 14    XL:     3   Next: 60%
Magic:  3/3        EV: 11    Int: 12    God:
Gold:   0          SH:  0    Dex: 12    Spells: 2/2 levels left

rFire   . . .        a - +0 hand axe
rCold   . . .        (no shield)
rNeg    . . .        b - +0 leather armour
rPois   .            (no helmet)
rElec   .            (no cloak)
rCorr   .            (no gloves)
SInv    .            (no boots)
Will    .....        (no amulet)
Stlth   ++           (no ring)
HPRegen 0.25/turn    (no ring)
MPRegen 0.08/turn

%: no passive effects
@: lethally poisoned (0 -> -4)
A: no striking features
a: no special abilities


You were on level 5 of the Dungeon.
You visited 1 branch of the dungeon, and saw 1 of its levels.

Inventory:

Hand Weapons
 a - a +0 hand axe (weapon)
Armour
 b - a +0 leather armour (worn)
Wands
 g - a wand of digging (3)
Scrolls
 c - a scroll of fog
 d - a scroll of revelation
 e - a scroll of fear


   Skills:
 - Level 3.6 Fighting
 + Level 5.2 Axes
 - Level 1.5 Dodging
 - Level 4.1 Stealth


You had 2 spell levels left.
You didn't know any spells.
Your spell library contained the following spells:

 Spells                   Type           Power      Damage    Failure   Level
 Sublimation of Blood     Necr           0%         N/A       54%         2
 Petrify                  Tmut/Erth      0%         N/A       99%         4
 Irradiate                Conj/Tmut      0%         3d11      100%        5


Dungeon Overview and Level Annotations

Branches:
Dungeon (5/15)
 Temple: D:4-7

Altars:


Message History

The adder is moderately wounded.
The adder bites you.
You are poisoned.
The adder poisons you!
You closely miss the adder.
The adder is moderately wounded.
You hit the hound but do no damage.
You feel sick. The hound bites you. The adder bites you but does no damage.
The hound misses you. The adder bites you but does no damage.
You closely miss the adder.
The adder is moderately wounded.
You hit the hound.
You feel sick. The hound barely misses you. The adder closely misses you.
The hound barely misses you.
You hit the adder but do no damage.
The adder is moderately wounded.
You hit the hound but do no damage.
You feel sick.
You are no longer poisoned.
The adder bites you. The hound misses you.
You barely miss the adder.
The adder is moderately wounded.
You closely miss the hound. The hound bites you.
The adder bites you but does no damage. The hound bites you.
The adder bites you.
* * * LOW HITPOINT WARNING * * *
You are lethally poisoned!
The adder poisons you!
You are too injured to fight recklessly!
You miss the adder.
The adder is moderately wounded.
You closely miss the hound.
* * * LOW HITPOINT WARNING * * *
You feel sick. The hound misses you. The adder bites you.
* * * LOW HITPOINT WARNING * * *
Unknown command.
You hit the adder.
The adder is severely wounded.
You miss the hound.
* * * LOW HITPOINT WARNING * * *
You feel sick. The hound bites you.
You die...

... #........ ..
#........ #.
##........ #.##
#......... #..#
#......... ##.##
##......†. ##...##
#........
##.....###........
#@...#..###.......
#.Sh.####..###.....#
#...### ##.......###
#...## #......##
#...# #.....## ..##
#......# #
#........#
#.........#
#............


You could see a hound and an adder.

Vanquished Creatures
  A hound (D:5)
  An adder (D:5)
  A dart slug (D:5)
3 creatures vanquished.

Notes
Turn   | Place    | Note
-------+----------+-------------------------------------------
     0 | D:5      | hurricos the Hill Orc Delver began the quest for the Orb.
     0 | D:5      | Reached XP level 1. HP: 19/19 MP: 1/1
    24 | D:5      | Noticed a hound
    30 | D:5      | Reached skill level 3 in Axes
    53 | D:5      | Reached skill level 4 in Axes
    53 | D:5      | Reached XP level 2. HP: 13/26 MP: 2/2
    60 | D:5      | Reached skill level 5 in Axes
    60 | D:5      | Reached XP level 3. HP: 18/31 MP: 3/3
   144 | D:5      | Slain by a hound

Illustrated notes

Levels and vault maps discovered:
D:5:      layout_cave_pods, gammafunk_ghost_split

Skill      XL: |  1  2 |
---------------+-------+-----
Axes           | 4 5 |  5.2
Fighting       | |  3.6
Dodging        | |  1.5
Stealth        | |  4.1

Action                     || total
---------------------------++-------
  Melee: Hand axe          ||    29
         Punch             ||     1
    Use: Potion            ||     2
 Armour: Leather armour    ||    10
  Dodge: Dodged            ||    29

Table legend: (Time is in decaauts)
 A = Elapsed time spent in this place.
 B = Non-inter-level travel time spent in this place.
 C = Inter-level travel time spent in this place.
 D = Time resting spent in this place.
 E = Time spent auto-exploring this place.
 F = Levels seen in this place.
 G = Mean time per level.
                   A        B        C        D        E       F      G
               +--------+--------+--------+--------+--------+-----+--------+
         Total |    127 |    127 |      0 |      6 |     60 |   1 |  127.0 |
       Dungeon |    127 |    127 |      0 |      6 |     60 |   1 |  127.0 |
               +--------+--------+--------+--------+--------+-----+--------+

Top non-repeatable levels by time:
     D:5: 127 daAuts
